Map: Automaton LE

Players

HeroMarine

  • Race: Terran Terran
  • Spawn Location: 3:00

Rex - Winner!

  • Race: Zerg Zerg
  • Spawn Location: 9:00

Event: 2019 WCS Spring

VOD

Have the link to the VOD?

Description

Time

  • Played on: May 17, 2019, 1:23 p.m.
  • Length: 6:34

All games in this series

Show
View Real Time Build Order
Export as new Build Order

HeroMarine Terran 

Build Orders: Liberator Opening, Reaper Expand 

Get SALT Encoding   

  12  0:00  SCV  
  13  0:12  SCV  
  14  0:17  Supply Depot  
  14  0:24  SCV  
  15  0:39  SCV  
  15  0:40  Barracks  
  16  0:44  Refinery  
  16  0:51  SCV  
  17  1:03  SCV  
  18  1:15  SCV  
  19  1:27  Reaper, Orbital Command  
  20  1:42  Command Center  
  20  1:52  Supply Depot  
  20  1:53  SCV  
  21  1:59  Marine  
  22  2:05  SCV  
  23  2:09  Factory  
  23  2:17  SCV, Refinery  
  24  2:23  Barracks Reactor  
  25  2:30  SCV  
  25  2:31  Bunker  
  25  2:42  SCV  
  26  2:54  SCV  
  26  2:58  Starport  
  27  2:59  Orbital Command  
  27  3:06  SCV  
  27  3:10  Hellion x2  
  32  3:15  Barracks Tech Lab  
  32  3:18  SCV  
  33  3:25  SCV  
  34  3:30  SCV, Liberator  
  34  3:31  Hellion x2  
  39  3:37  SCV  
  40  3:42  SCV  
  40  3:47  Supply Depot  
  44  3:49  SCV  
  44  3:55  Armory, SCV  
  46  4:08  SCV x2  
  46  4:09  Hellion x2  
  52  4:10  Supply Depot  
  52  4:20  SCV x2  
  52  4:24  Supply Depot  
  54  4:31  Hellion x2  
  54  4:33  SCV x2  
  54  4:35  Starport Tech Lab  
  60  4:45  SCV x2  
  62  4:46  Command Center  
  62  4:57  SCV x2, Raven  
  62  4:59  Marine x2  
  68  5:06  Supply Depot, Refinery  
  68  5:07  Refinery  
  68  5:09  SCV x2  
  70  5:24  SCV x2  
  70  5:27  Marine x2  
  70  5:28  Siege Tank  
  75  5:34  Liberator  
  73  5:36  SCV x2  
  70  5:45  Marine x2  
  70  5:48  SCV x2  
  55  5:58  Bunker  
  55  6:00  SCV, Siege Tank  
  55  6:01  SCV  
  55  6:03  Marine x2  
  59  6:12  SCV  
  59  6:13  SCV  
Show
View Real Time Build Order
Export as new Build Order

Rex Zerg - Winner!

Build Orders: Hatch First 

Get SALT Encoding   

  12  0:00  Drone  
  13  0:12  Overlord  
  13  0:17  Drone  
  14  0:31  Drone x2  
  16  0:49  Hatchery  
  15  0:52  Drone  
  15  0:56  Drone  
  17  0:59  Drone  
  18  1:10  Extractor  
  17  1:15  Spawning Pool  
  16  1:19  Drone  
  16  1:22  Drone  
  18  1:29  Drone  
  19  1:39  Drone  
  20  1:50  Overlord  
  20  2:02  Queen  
  20  2:03  Queen, Zergling x4  
  26  2:30  Extractor  
  26  2:31  Drone x3  
  26  2:32  Drone  
  26  2:33  Metabolic Boost  
  26  2:34  Drone  
  26  2:35  Drone  
  31  2:41  Queen  
  33  2:49  Extractor  
  33  2:54  Drone x2  
  33  2:57  Drone  
  36  3:11  Drone  
  36  3:12  Overlord  
  36  3:21  Hatchery  
  36  3:22  Overlord  
  36  3:24  Drone  
  36  3:30  Queen  
  36  3:31  Drone x2  
  36  3:32  Drone x2  
  42  3:34  Drone  
  42  3:36  Overlord  
  43  3:48  Overlord  
  43  3:51  Zergling x2  
  43  3:52  Zergling x12  
  50  3:56  Lair  
  50  4:02  Drone x2  
  52  4:07  Queen  
  52  4:09  Overlord  
  54  4:15  Drone  
  55  4:19  Drone  
  55  4:20  Overlord  
  55  4:21  Zergling x4  
  58  4:26  Drone  
  59  4:33  Queen  
  59  4:37  Spore Crawler, Drone  
  61  4:40  Zergling x6  
  61  4:41  Zergling x4  
  61  4:44  Queen  
  68  4:56  Spore Crawler  
  68  4:57  Zergling x8  
  71  5:01  Nydus Network  
  71  5:05  Queen  
  72  5:09  Queen  
  73  5:15  Zergling x6  
  73  5:16  Zergling x8  
  80  5:27  Queen  
  78  5:41  Nydus Canal  
  78  5:42  Zergling x4  
  64  5:53  Zergling x2  
  64  5:54  Nydus Canal  
  63  5:57  Zergling x4  
  63  5:58  Zergling x16  
  63  6:01  Zergling x2  
  63  6:03  Zergling x2  
  71  6:06  Zergling x2  
  69  6:14  Zergling x4, Nydus Canal  
  69  6:16  Zergling x2  
Tags
 
Add a new tag
Caveats
  • Supply blocks, unpowered buildings, or Contaminate may cause inaccurate times.
  • Supply counts are checked every 10 seconds.